 Dungeon Crawl Stone Soup version 0.20-a0-700-gbd4582c (webtiles) character file.

9664 OgreWrestling the Martial Artist (level 11, -8/75 HPs)
             Began as a Human Transmuter on Feb 20, 2017.
             Was an Elder of Ieoh Jian.
             Mangled by a death yak (26 damage)
             ... on level 8 of the Dungeon.
             The game lasted 00:24:23 (11204 turns).

OgreWrestling the Martial Artist (HuTm)            Turns: 11204, Time: 00:24:24

Health: -8/75      AC:  5    Str: 10    XL:     11   Next: 78%
Magic:  15/19      EV: 17    Int: 15    God:    Ieoh Jian [****..]
Gold:   520        SH:  0    Dex: 16    Spells: 7/21 levels left

rFire    . . .     SeeInvis .     - Unarmed
rCold    . . .     Gourm    +   B - +0 troll leather armour
rNeg     . . .     Faith    .   (shield currently unavailable)
rPois    .         Spirit   .   m - +0 helmet
rElec    .         Reflect  .   (no cloak)
rCorr    .         Harm     .   (gloves currently unavailable)
MR       +....     Clarity  +   (no boots)
Stlth    +.........             z - amulet of the gourmand
Regen    0.7/turn               (no ring)
MPRegen  0.2/turn               (no ring)

@: blade hands
A: clarity, magic resistance 1
a: End Transformation, Serpent's Lash, Renounce Religion


You were on level 8 of the Dungeon.
You worshipped Ieoh Jian.
Ieoh Jian was greatly pleased with you.
You were very full.
You had blades for hands.
You visited 1 branch of the dungeon, and saw 10 of its levels.

You collected 520 gold pieces.

Inventory:

Missiles
 a - 199 arrows
Armour
 m - a +0 helmet (worn)
 A - a +0 pair of gloves (melded)
 B - a +0 troll leather armour (worn)
Jewellery
 z - an amulet of the gourmand (around neck)
 C - an uncursed ring of poison resistance {unknown}
Wands
 v - a wand of enslavement (15/24)
 w - a wand of enslavement (4/24)
Scrolls
 b - 2 scrolls of brand weapon {unknown}
 e - a scroll of blinking
 h - 2 scrolls of recharging
 j - 2 scrolls of identify
 l - a scroll of enchant armour
 r - 3 scrolls of teleportation
 s - a scroll of silence {unknown}
 u - 2 scrolls of amnesia
 x - a scroll of immolation {unknown}
 y - a scroll of fear {unknown}
Potions
 g - 2 potions of lignification
 k - a potion of brilliance
 n - 3 potions of curing
 o - a potion of flight
 p - a potion of heal wounds
 q - a potion of agility {unknown}
 t - a potion of magic {unknown}
Books
 c - a book of Changes

   Spells                             Type                      Level
   a - Beastly Appendage              Transmutation                1
   b - Sticks to Snakes               Transmutation                2
   c - Spider Form                    Transmutation/Poison         3
   d - Ice Form                       Ice/Transmutation            4
   e - Blade Hands                    Transmutation                5
Comestibles
 d - 2 bread rations
 f - 5 royal jellies
 i - 5 meat rations


   Skills:
 + Level 3.0 Fighting
 - Level 3.7 Armour
 - Level 8.4 Dodging
 - Level 9.2 Unarmed Combat
 - Level 5.8 Spellcasting
 - Level 8.8 Transmutations
 - Level 5.8 Ice Magic
 - Level 2.0 Poison Magic


You had 7 spell levels left.
You knew the following spells:

 Your Spells              Type           Power        Failure   Level  Hunger
a - Ice Form              Ice/Tmut       ####....     50%         4    ####...
b - Sticks to Snakes      Tmut           ####....     14%         2    #......
c - Spider Form           Tmut/Pois      ###.......   45%         3    ###....
d - Blade Hands           Tmut           ####......   58%         5    ######.


Dungeon Overview and Level Annotations

Branches:
Dungeon (10/15)            Temple (0/1) D:6            Lair (0/6) D:8
    Orc: D:9-12

Altars:
Ashenzari
Dithmenos
Fedhas
Hepliaklqana Ieoh Jian
Kikubaaqudgha
Makhleb
Okawaru
Vehumet
The Shining One


Innate Abilities, Weirdness & Mutations

You possess an exceptional clarity of mind.
You are resistant to hostile enchantments. (MR+)


Message History

The death yak misses you. x2
Unknown command.
You spin and attack the death yak repeteadly!
You hit the death yak but do no damage.
The death yak is severely wounded.
You slash the death yak!
The death yak is almost dead.
You spin and attack the death yak repeteadly!
You slash the death yak!
The death yak is lightly wounded.
You slash the death yak!
The death yak is moderately wounded.
The death yak gores you! x2
* * * LOW HITPOINT WARNING * * *
You slash the death yak!
The death yak is almost dead.
The death yak gores you.
* * * LOW HITPOINT WARNING * * *
The death yak gores you!!
You die...

....#........######.... #..
.....................# ##..
.....................####...
....................#.......
#########..(.........#.......
#.......#...................#
#............>...............
#.......####YY..............#
#.......####@...#.......#....
##.......#....................
#.............................
#..............#..............
#............[...........#....
#.....###.........#...........
#.....###.....#...............
####............#.....##.........
...'..................##.....####


You could see 2 death yaks.

Vanquished Creatures
  3 two-headed ogres
  Psyche (D:9)
  2 trolls (D:9)
  A hornet (D:9)
  Grinder (D:4)
  A hippogriff (D:7)
  14 yaks
  A steam dragon (D:9)
  A hungry ghost (D:9)
  Menkaure (D:6)
  A soldier ant (D:9)
  Edmund (D:6)
  A water moccasin (D:6)
  4 orc warriors
  3 phantoms
  A black bear (D:6)
  An eye of draining (D:9)
  A necrophage (D:9)
  2 sky beasts
  6 centaurs
  The ghost of DEFE the Ducker, an amateur DEAK of Lugonu (D:3)
  4 bullfrogs
  Blork the orc (D:5)
  3 scorpions
  A water moccasin zombie (D:9)
  A water moccasin skeleton (D:7)
  A killer bee (D:9)
  A howler monkey (D:7)
  A bullfrog zombie (D:9)
  5 crimson imps
  A quasit (D:9)
  2 jellies
  3 centaur zombies
  3 bullfrog skeletons
  A centaur skeleton (D:7)
  4 orc priests
  4 hounds
  10 orc wizards
  A gnoll shaman (D:4)
  5 iguanas
  4 worker ants
  A hound zombie (D:9)
  A hound skeleton (D:7)
  A worker ant zombie (D:5)
  6 gnolls
  A howler monkey skeleton (D:9)
  9 adders
  2 oozes
  2 worms
  5 leopard geckos
  23 orcs
  3 bats
  7 giant cockroaches
  8 goblins
  7 hobgoblins
  5 jackals
  5 quokkas
  A ball python (D:1)
  9 frilled lizards
  A giant cockroach zombie (D:5)
  9 kobolds
  A leopard gecko skeleton (D:6)
  A leopard gecko zombie (D:6)
  A quokka skeleton (D:6)
  4 rats
217 creatures vanquished.

Vanquished Creatures (collateral kills)
  The ghost of azzavlup the Slasher, a weakling DsAK of Lugonu (D:4)
  An orc wizard (D:3)
  An adder (D:5)
  2 jackals (D:1)
5 creatures vanquished.

Grand Total: 222 creatures vanquished

Notes
Turn   | Place    | Note
-------+----------+-------------------------------------------
     0 | D:1      | OgreWrestling the Human Transmuter began the quest for the Orb.
     0 | D:1      | Reached XP level 1. HP: 15/15 MP: 3/3
   422 | D:1      | Reached XP level 2. HP: 21/21 MP: 1/5
   429 | D:1      | Learned a level 2 spell: Sticks to Snakes
   922 | D:1      | Reached skill level 4 in Unarmed Combat
   922 | D:1      | Reached XP level 3. HP: 23/26 MP: 4/6
   927 | D:1      | Learned a level 3 spell: Spider Form
  1236 | D:2      | Found an ornate altar of the Ieoh Jian Council.
  1240 | D:2      | Reached skill level 1 in Poison Magic
  1250 | D:2      | Became a worshipper of the Ieoh Jian Council
  1669 | D:2      | Found a radiant altar of Vehumet.
  1682 | D:2      | Reached XP level 4. HP: 31/32 MP: 3/7
  1771 | D:2      | Found a shadowy altar of Dithmenos.
  1924 | D:2      | Found an iron altar of Okawaru.
  2121 | D:3      | Noticed DEFE's ghost (amateur DEAK)
  2621 | D:3      | Noticed a bullfrog
  2628 | D:3      | Killed a bullfrog
  2628 | D:3      | Reached skill level 5 in Unarmed Combat
  2628 | D:3      | Reached XP level 5. HP: 37/37 MP: 4/8
  2834 | D:3      | Reached XP level 6. HP: 20/43 MP: 1/9
  3007 | D:3      | Reached * piety under Ieoh Jian
  3070 | D:3      | Killed DEFE's ghost
  3543 | D:4      | Found a blossoming altar of Fedhas.
  3546 | D:4      | Found an ancient bone altar of Kikubaaqudgha.
  3597 | D:4      | Reached XP level 7. HP: 50/51 MP: 2/10
  3664 | D:4      | Reached skill level 6 in Unarmed Combat
  3700 | D:4      | Noticed Grinder
  3708 | D:4      | Noticed azzavlup's ghost (weakling DsAK)
  3709 | D:4      | Killed Grinder
  3709 | D:4      | Reached skill level 7 in Unarmed Combat
  3719 | D:4      | Killed azzavlup's ghost
  3994 | D:4      | Found a hazy altar of Hepliaklqana.
  4010 | D:4      | Reached XP level 8. HP: 57/57 MP: 7/11
  4236 | D:5      | Entered Level 5 of the Dungeon
  4262 | D:5      | Reached skill level 8 in Unarmed Combat
  4397 | D:5      | Noticed Blork the orc
  4406 | D:5      | Killed Blork the orc
  5157 | D:5      | Reached skill level 9 in Unarmed Combat
  5223 | D:5      | Reached ** piety under Ieoh Jian
  5501 | D:5      | Found a burning altar of Makhleb.
  5501 | D:5      | Found a glowing golden altar of the Shining One.
  5698 | D:5      | Noticed a yak
  5699 | D:5      | Noticed a yak
  5699 | D:5      | Noticed a yak
  5713 | D:5      | Killed a yak
  5722 | D:5      | Killed a yak
  5722 | D:5      | Reached skill level 5 in Dodging
  5722 | D:5      | Reached XP level 9. HP: 52/63 MP: 10/12
  6077 | D:6      | Noticed Menkaure
  6088 | D:6      | Killed Menkaure
  6214 | D:6      | Noticed Edmund
  6227 | D:6      | Killed Edmund
  6434 | D:6      | Identified a scroll of acquirement
  6474 | D:6      | Found a staircase to the Ecumenical Temple.
  6786 | D:6      | Gained mutation: Your body sometimes deteriorates upon taking damage. [mutagenic meat]
  6787 | D:6      | Lost mutation: Your body sometimes deteriorates upon taking damage. [mutagenic meat]
  6788 | D:6      | Gained mutation: Your body sometimes deteriorates upon taking damage. [mutagenic meat]
  6789 | D:6      | Gained mutation: Your spells are a little harder to cast, but a little more powerful. [mutagenic meat]
  7108 | D:6      | Learned a level 4 spell: Ice Form
  7233 | D:7      | Reached *** piety under Ieoh Jian
  7519 | D:7      | Reached XP level 10. HP: 34/70 MP: 7/14
  8061 | D:8      | Noticed a death yak
  8065 | D:8      | Noticed a death yak
  8384 | D:8      | Noticed a two-headed ogre
  8391 | D:8      | Killed a two-headed ogre
  8459 | D:8      | Reached skill level 1 in Ice Magic
  8486 | D:8      | Found a staircase to the Lair.
  8495 | D:8      | Noticed a death yak
  8509 | D:8      | Noticed a centaur warrior
  8980 | D:8      | Reached **** piety under Ieoh Jian
  8980 | D:8      | Reached skill level 5 in Ice Magic
  9261 | D:8      | Noticed a cyclops
  9331 | D:9      | Reached XP level 11. HP: 32/74 MP: 17/17
  9345 | D:9      | Learned a level 5 spell: Blade Hands
  9557 | D:9      | Found a shattered altar of Ashenzari.
  9630 | D:9      | Noticed Psyche
  9648 | D:9      | Killed Psyche
  9648 | D:9      | Reached skill level 1 in Armour
  9839 | D:9      | Noticed a two-headed ogre
  9847 | D:9      | Killed a two-headed ogre
  9847 | D:9      | Reached skill level 5 in Spellcasting
 10497 | D:9      | Lost mutation: Your body sometimes deteriorates upon taking damage. [potion of mutation]
 10497 | D:9      | Lost mutation: Your spells are a little harder to cast, but a little more powerful. [potion of mutation]
 10497 | D:9      | Gained mutation: You are resistant to hostile enchantments. (MR+) [potion of mutation]
 10497 | D:9      | Gained mutation: You possess an exceptional clarity of mind. [potion of mutation]
 10718 | D:10     | Entered Level 10 of the Dungeon
 10869 | D:10     | Noticed a tengu warrior
 10891 | D:10     | HP: 3/88 [killer bee (2)]
 11123 | D:9      | Noticed a two-headed ogre
 11134 | D:9      | Killed a two-headed ogre
 11204 | D:8      | Mangled by a death yak

Vault maps used:
D:1:      saegor_arrival_simple_d
D:2:      lemuel_coloured_pillars_altar, lemuel_doored_altar,
          okawaru_metal_pillars_1_2, nicolae_dithmenos_shadow_blocks
D:4:      grunt_temple_overflow_growth_and_decay, overflow_temple_1_default,
          uniq_grinder
D:5:      gammafunk_temple_overflow_elements, first_bread,
          hangedman_abyss_or_decor_slice, uniq_blork_the_orc
D:6:      minmay_temple_entry_from_below_a, minmay_item_behind_shaft,
          uniq_menkaure, uniq_edmund
D:8:      dpeg_lair_monsters, jmf_multi_god_temple2
D:9:      kennysheep_mini, uniq_psyche
D:10:     minmay_chopped_fan, the_bakery

Skill      XL: |  1  2  3  4  5  6  7  8  9 10 11 |
---------------+----------------------------------+-----
Unarmed Combat | 4 5 7 9 |  9.2
Poison Magic   | 1 2 |  2.0
Fighting       | 2 3 |  3.0
Dodging        | 3 5 8 |  8.4
Transmutations | 3 6 8 |  8.8
Spellcasting   | 4 5 |  5.8
Ice Magic      | 5 |  5.8
Armour         | 3 |  3.7

Action                   |  1- 3 |  4- 6 |  7- 9 | 10-12 || total
-------------------------+-------+-------+-------+-------++-------
Melee: Unarmed           |    85 |   124 |   271 |   348 ||   828
       Kick              |     5 |     2 |       |       ||     7
       Headbutt          |     3 |       |     2 |       ||     5
       Punch             |       |       |       |     4 ||     4
 Cast: Beastly Appendage |    18 |     2 |     1 |       ||    21
       Sticks to Snakes  |     3 |     2 |     5 |     1 ||    11
       Spider Form       |     3 |    15 |    32 |    22 ||    72
       Ice Form          |       |       |       |     7 ||     7
       Blade Hands       |       |       |       |     2 ||     2
  Use: Scroll            |       |       |    14 |     3 ||    17
       Potion            |       |       |     4 |     4 ||     8
 Stab: Sleeping          |     1 |     1 |     1 |     1 ||     4
       Distracted        |       |       |     1 |     2 ||     3
  Eat: Chunk             |     4 |     3 |    22 |    26 ||    55
       Meat ration       |       |     1 |       |       ||     1
       Bread ration      |       |       |       |     1 ||     1
Armor: Robe              |     9 |     7 |     8 |     2 ||    26
       Skin              |     1 |     3 |     6 |    10 ||    20
       Troll leather arm |       |       |       |     5 ||     5
Dodge: Dodged            |    39 |   114 |   186 |   245 ||   584
